Map: Acropolis LE

Players

Mez - Winner!

  • Race: Terran Terran
  • League: Master
  • Spawn Location: 11:00

Tofik

  • Race: Protoss Protoss
  • League: Master
  • Spawn Location: 5:00

VOD

Have the link to the VOD?

Description

Time

  • Played on: Aug. 21, 2019, 8:15 p.m.
  • Length: 14:45
Show
View Real Time Build Order
Export as new Build Order

Mez Terran - Winner!

Build Orders: Reaper Expand 

Get SALT Encoding   

  12  0:00  SCV  
  13  0:13  SCV  
  14  0:17  Supply Depot  
  14  0:25  SCV  
  15  0:38  SCV  
  15  0:40  Barracks  
  16  0:44  Refinery  
  16  0:50  SCV  
  17  1:02  SCV  
  18  1:15  SCV  
  19  1:28  Orbital Command, Reaper  
  20  1:40  Command Center  
  20  1:50  Bunker  
  20  1:58  Supply Depot  
  20  1:59  Marine  
  21  2:04  SCV  
  22  2:18  Barracks Reactor, SCV  
  22  2:45  Command Center  
  22  2:47  SCV  
  22  2:48  Factory  
  23  2:52  Orbital Command  
  23  2:59  SCV  
  23  3:00  Marine x2  
  23  3:01  Refinery  
  26  3:11  SCV  
  27  3:18  SCV, Marine x2  
  30  3:23  SCV  
  31  3:30  SCV  
  31  3:32  Widow Mine  
  34  3:34  Starport  
  34  3:35  SCV  
  34  3:37  Marine  
  34  3:38  Marine  
  37  3:42  SCV  
  37  3:47  SCV  
  39  3:54  SCV, Factory Tech Lab  
  40  3:58  Orbital Command  
  40  3:59  SCV  
  40  4:02  Refinery, Marine  
  41  4:04  Marine  
  41  4:07  SCV  
  44  4:11  SCV  
  45  4:17  Starport Tech Lab  
  45  4:19  SCV  
  45  4:20  Siege Tank  
  45  4:22  Marine x2  
  45  4:23  SCV  
  52  4:30  Supply Depot  
  52  4:31  SCV  
  53  4:32  SCV  
  53  4:35  SCV  
  55  4:41  Raven  
  55  4:43  SCV  
  58  4:55  Siege Tank  
  59  5:05  Marine x2  
  59  5:06  SCV x2  
  62  5:09  Barracks  
  62  5:10  SCV  
  62  5:12  Barracks  
  63  5:18  SCV  
  64  5:22  SCV x2  
  64  5:24  Engineering Bay  
  64  5:25  Engineering Bay  
  64  5:27  Supply Depot  
  66  5:30  SCV  
  66  5:34  SCV  
  66  5:35  SCV  
  69  5:38  Factory Reactor  
  69  5:40  Refinery, Starport Reactor  
  69  5:41  Barracks  
  69  5:43  Barracks  
  69  5:49  SCV x3, Marine x2  
  74  5:51  Supply Depot  
  74  5:52  Terran Infantry Armor Level 1, Terran Infantry Weapons Level 1  
  74  6:01  SCV x3  
  77  6:06  Stimpack  
  77  6:08  Combat Shield  
  76  6:12  Marauder x2  
  76  6:13  SCV x3, Marine x2  
  85  6:28  Supply Depot  
  85  6:31  Supply Depot  
  85  6:32  Widow Mine x2, Medivac x2  
  93  6:33  Supply Depot  
  93  6:49  Orbital Command  
  93  6:50  Barracks Tech Lab, Barracks Reactor, Marine, SCV x2, Marauder x2  
  93  6:51  Marine  
  101  6:57  Widow Mine x2  
  105  7:02  SCV x2  
  105  7:04  Supply Depot x2, Medivac  
  105  7:05  Medivac  
  105  7:07  Supply Depot  
  111  7:11  Marauder  
  111  7:12  Supply Depot, Marine  
  111  7:13  Marauder, Armory  
  111  7:14  SCV  
  117  7:25  SCV x2  
  117  7:26  Supply Depot  
  117  7:28  Supply Depot  
  119  7:35  Marauder x3, Marine x4  
  129  7:40  SCV x3  
  132  7:44  Viking  
  132  7:46  Viking  
  132  7:51  Refinery  
  136  7:52  Supply Depot, Refinery  
  136  7:56  Supply Depot  
  136  8:02  Widow Mine x2  
  136  8:03  Marauder  
  136  8:04  Marauder x2  
  146  8:06  Terran Infantry Weapons Level 2  
  146  8:08  Ghost Academy  
  146  8:17  Medivac, Marine  
  146  8:18  Marine  
  150  8:25  Marauder x2  
  154  8:31  Viking  
  152  8:38  Starport  
  148  8:47  Viking  
  148  8:48  Supply Depot  
  150  8:50  Marauder x3, Marine x4, Supply Depot  
  158  9:05  Barracks x2  
  158  9:08  Command Center  
  158  9:09  Barracks  
  126  9:32  Marauder x2, Marine  
  126  9:37  Marine x2  
  126  9:38  Marauder, Marine  
  83  9:48  Viking x3  
  83  9:50  Marine  
  82  9:54  Marauder x2  
  82  9:55  Marine x3  
  82  9:56  Marine x2  
  82  9:59  Marauder  
  86  10:08  Marine  
  86  10:10  SCV x3  
  86  10:13  Marine  
  89  10:15  Marauder x2  
  88  10:23  Marine x2  
  88  10:24  Marauder  
  92  10:30  SCV x3  
  95  10:36  Marauder  
  95  10:37  Ghost  
  95  10:38  Barracks Tech Lab x2  
  99  10:44  Liberator x3  
  99  10:55  Marauder, Marine x4  
  99  10:56  Marine  
  107  10:57  Barracks Tech Lab  
  107  10:58  Marauder  
  117  11:04  SCV x3  
  120  11:23  Ghost x3  
  120  11:24  Ghost  
  120  11:25  Marine x6  
  134  11:39  Viking  
  132  11:42  Marine x2  
  132  11:43  Marauder  
  132  11:44  Marauder, Viking  
  130  11:49  Marine x2  
  130  11:51  Viking x2  
  130  11:52  Marauder x2  
  137  12:00  Concussive Shells, Command Center  
  135  12:04  Terran Infantry Weapons Level 3  
  135  12:18  Marauder x3, Marine  
  135  12:19  Marauder x2, Marine x2  
  148  12:25  Medivac x2  
  152  12:46  Marauder x4, Marine x3  
  152  12:47  Marauder, Marine  
  165  12:58  Enhanced Shockwaves  
  161  13:05  Liberator  
  161  13:06  Liberator x2  
  161  13:14  Marauder x5, Marine x4  
  181  13:55  Marauder x5, Marine x4  
Show
View Real Time Build Order
Export as new Build Order

Tofik Protoss 

Build Orders: 1 Gate Expand, Colossus Rush 

Get SALT Encoding   

  12  0:00  Probe  
  13  0:12  Probe  
  14  0:19  Pylon  
  14  0:24  Probe  
  15  0:33  Probe  
  15  0:38  Gateway  
  15  0:41  Probe  
  16  0:46  Assimilator  
  17  0:52  Probe  
  19  1:04  Probe  
  19  1:16  Probe  
  20  1:26  Nexus  
  20  1:32  Probe  
  21  1:35  Cybernetics Core  
  21  1:44  Probe  
  22  1:48  Assimilator  
  22  1:56  Probe  
  22  1:57  Pylon  
  23  2:05  Adept  
  23  2:11  Warp Gate  
  23  2:15  Probe  
  26  2:22  Robotics Facility  
  26  2:27  Probe  
  27  2:45  Probe  
  27  2:46  Adept  
  27  2:49  Probe  
  30  2:57  Probe x2  
  33  3:06  Probe, Adept  
  33  3:09  Robotics Bay  
  33  3:10  Probe  
  35  3:18  Probe  
  38  3:22  Probe  
  38  3:24  Warp Prism  
  41  3:28  Adept  
  41  3:33  Pylon  
  41  3:38  Probe x2  
  45  3:50  Probe  
  45  3:51  Pylon, Probe  
  45  3:53  Assimilator  
  45  3:54  Assimilator  
  47  4:00  Observer  
  48  4:07  Probe  
  48  4:08  Probe  
  50  4:13  Colossus  
  50  4:16  Pylon  
  50  4:19  Gateway  
  50  4:20  Probe x2  
  50  4:21  Gateway  
  58  4:32  Probe x2  
  60  4:47  Extended Thermal Lance  
  58  4:56  Colossus  
  58  4:59  Adept  
  54  5:12  Pylon, Probe x2  
  54  5:14  Pylon  
  60  5:15  Pylon  
  60  5:21  Stalker x3  
  60  5:24  Probe  
  67  5:36  Forge  
  67  5:39  Twilight Council  
  67  5:40  Gateway  
  67  5:41  Colossus, Gateway  
  67  5:43  Gateway  
  67  5:53  Observer  
  67  5:56  Pylon, Probe  
  74  5:57  Probe  
  74  6:01  Protoss Ground Weapons Level 1  
  75  6:21  Stalker x3  
  75  6:24  Charge  
  80  6:35  Nexus  
  80  6:39  Colossus  
  80  6:44  Probe x2  
  88  6:51  Templar Archives  
  88  6:54  Gateway  
  88  6:56  Gateway  
  88  7:05  Zealot x3  
  94  7:17  Psionic Storm  
  94  7:19  Probe x2  
  94  7:22  Zealot x3  
  102  7:34  Pylon  
  102  7:36  Pylon  
  102  7:39  Pylon  
  102  7:43  Observer  
  102  7:49  Zealot x5  
  113  7:58  Observer, High Templar  
  113  7:59  High Templar x2  
  120  8:11  Forge, Zealot x4  
  128  8:21  Probe x2  
  128  8:24  Pylon  
  128  8:26  Pylon  
  119  8:27  Stalker  
  119  8:29  Pylon  
  117  8:40  Protoss Ground Weapons Level 2  
  117  8:48  High Templar  
  117  8:49  High Templar  
  117  8:50  High Templar, Zealot x3  
  117  8:52  High Templar  
  117  8:53  Archon  
  131  8:55  Probe  
  131  8:56  Probe x2  
  131  8:59  Archon  
  131  9:01  Zealot  
  136  9:08  Probe x3  
  139  9:31  Colossus  
  91  9:43  Zealot x6  
  81  10:03  High Templar  
  81  10:04  Zealot x3  
  89  10:09  Protoss Ground Armor Level 1  
  85  10:14  Warp Prism  
  75  10:32  High Templar  
  75  10:34  Zealot x2, High Templar  
  75  10:35  Zealot x2  
  87  10:37  Probe x2  
  87  10:38  Probe  
  90  10:45  Probe, Assimilator  
  90  10:47  Assimilator  
  91  10:50  Probe  
  91  10:51  Probe  
  93  11:26  Protoss Ground Weapons Level 3  
  93  11:31  Zealot  
  93  11:32  Zealot x4  
  103  11:38  High Templar  
  105  11:45  Archon  
  101  11:56  Robotics Facility  
  101  11:57  Robotics Facility  
  101  11:59  Protoss Ground Armor Level 2  
  101  12:06  Nexus  
  101  12:08  Pylon, High Templar x3  
  103  12:09  High Templar  
  103  12:10  Pylon, Zealot x2  
  113  12:24  Pylon  
  113  12:26  Pylon  
  113  12:29  Pylon  
  113  12:32  Photon Cannon  
  113  12:33  Probe  
  113  12:34  Photon Cannon, Probe x2  
  116  12:41  High Templar x2  
  116  12:42  High Templar  
  116  12:43  High Templar  
  124  12:45  Robotics Bay  
  124  12:46  Probe x2  
  124  12:50  Archon  
  124  12:51  Archon  
  126  12:55  Stalker x2  
  123  12:58  Stalker x2  
  119  13:24  Immortal  
  121  13:36  Warp Prism  
  121  13:41  Stalker x3  
  127  13:44  Probe x2  
  131  13:52  Archon  
  131  13:53  Archon  
  114  13:56  High Templar x3  
  112  14:05  Zealot x4  
  120  14:13  Zealot  
  101  14:29  Zealot  
  101  14:30  Zealot x3  
Tags
 
Add a new tag
Caveats
  • Supply blocks, unpowered buildings, or Contaminate may cause inaccurate times.
  • Supply counts are checked every 10 seconds.